Map: Overgrowth LE (Void)

Players

Neeb

  • Race: Protoss Protoss
  • Spawn Location: 1:00

TYTY (TY) - Winner!

  • Race: Terran Terran
  • League: Diamond
  • Spawn Location: 7:00

Event: WESG 2016 Finals

VOD

Have the link to the VOD?

Description

Time

  • Played on: Jan. 15, 2017, 3:17 p.m.
  • Length: 13:34

All games in this series

Show
View Real Time Build Order
Export as new Build Order

Neeb Protoss 

Build Orders: 1 Gate Expand, Colossus Rush 

Get SALT Encoding   

  12  0:00  Probe (Chrono Boost)  
  13  0:11  Probe (Chrono Boost)  
  14  0:17  Pylon  
  14  0:22  Probe (Chrono Boost)  
  15  0:35  Probe (Chrono Boost)  
  16  0:36  Gateway  
  16  0:42  Assimilator  
  16  0:46  Probe (Chrono Boost)  
  17  0:56  Probe (Chrono Boost)  
  18  1:07  Probe (Chrono Boost)  
  19  1:18  Nexus  
  19  1:20  Probe (Chrono Boost)  
  20  1:30  Cybernetics Core  
  20  1:33  Probe (Chrono Boost)  
  20  1:38  Assimilator  
  21  1:44  Probe (Chrono Boost)  
  22  1:48  Pylon  
  22  1:54  Probe (Chrono Boost)  
  23  2:03  Adept  
  23  2:07  Warp Gate  
  23  2:08  Probe (Chrono Boost)  
  26  2:20  Probe (Chrono Boost)  
  27  2:27  Adept  
  27  2:31  Mothership Core (Chrono Boost)  
  27  2:32  Pylon  
  27  2:33  Probe (Chrono Boost)  
  33  2:45  Probe (Chrono Boost)  
  33  2:49  Probe (Chrono Boost)  
  33  2:56  Probe (Chrono Boost)  
  34  3:00  Probe (Chrono Boost), Robotics Facility  
  35  3:07  Probe (Chrono Boost)  
  35  3:10  Probe (Chrono Boost)  
  37  3:14  Gateway  
  37  3:17  Gateway  
  37  3:18  Probe (Chrono Boost)  
  38  3:22  Probe (Chrono Boost)  
  39  3:28  Probe (Chrono Boost)  
  39  3:30  Assimilator  
  39  3:32  Probe (Chrono Boost)  
  39  3:33  Assimilator  
  41  3:39  Probe (Chrono Boost)  
  40  3:43  Probe (Chrono Boost)  
  42  3:48  Observer  
  42  3:49  Probe (Chrono Boost)  
  42  3:53  Probe (Chrono Boost)  
  44  4:00  Probe (Chrono Boost)  
  43  4:04  Probe (Chrono Boost)  
  43  4:06  Robotics Bay  
  44  4:10  Probe (Chrono Boost), Observer  
  44  4:15  Pylon  
  44  4:16  Probe (Chrono Boost)  
  47  4:19  Pylon  
  47  4:21  Probe (Chrono Boost)  
  48  4:25  Stalker  
  48  4:26  Warp Prism  
  48  4:28  Probe (Chrono Boost)  
  51  4:34  Probe (Chrono Boost)  
  54  4:40  Probe (Chrono Boost)  
  54  4:41  Stalker  
  54  4:44  Probe (Chrono Boost)  
  58  4:52  Probe (Chrono Boost)  
  59  4:55  Stalker  
  59  4:57  Stalker  
  59  4:58  Probe (Chrono Boost)  
  64  5:03  Colossus  
  64  5:04  Probe (Chrono Boost)  
  63  5:09  Probe (Chrono Boost)  
  70  5:16  Pylon  
  70  5:29  Extended Thermal Lance  
  70  5:35  Probe (Chrono Boost)  
  72  5:36  Probe (Chrono Boost)  
  72  5:38  Pylon  
  72  5:39  Twilight Council  
  72  5:41  Pylon  
  71  5:44  Sentry x2  
  75  5:51  Colossus, Pylon  
  75  5:54  Probe (Chrono Boost)  
  75  5:56  Probe (Chrono Boost), Pylon  
  77  6:01  Blink  
  83  6:05  Probe (Chrono Boost)  
  84  6:13  Nexus  
  84  6:21  Probe x2 (Chrono Boost)  
  86  6:26  Adept x2  
  86  6:29  Stalker  
  92  6:38  Colossus  
  98  6:47  Stalker  
  98  6:48  Pylon  
  98  6:49  Stalker  
  103  6:55  Probe (Chrono Boost)  
  103  6:59  Probe (Chrono Boost)  
  104  7:01  Pylon x2  
  104  7:05  Stalker  
  104  7:08  Gateway  
  105  7:15  Stalker x2  
  111  7:23  Probe x2 (Chrono Boost)  
  111  7:25  Probe (Chrono Boost)  
  111  7:29  Stalker  
  114  7:31  Disruptor  
  114  7:35  Probe (Chrono Boost)  
  114  7:36  Probe (Chrono Boost)  
  114  7:38  Probe (Chrono Boost)  
  115  7:46  Pylon  
  115  7:48  Probe x2 (Chrono Boost)  
  115  7:49  Resonating Glaives  
  115  7:50  Forge x2  
  117  7:52  Probe (Chrono Boost)  
  117  7:55  Adept x2  
  122  7:59  Gateway  
  122  8:04  Gateway  
  122  8:07  Probe (Chrono Boost)  
  122  8:09  Probe (Chrono Boost)  
  122  8:10  Probe (Chrono Boost), Protoss Ground Armor Level 1, Protoss Ground Weapons Level 1  
  125  8:23  Probe x2 (Chrono Boost), Assimilator x2  
  125  8:24  Pylon  
  127  8:31  Observer  
  128  8:39  Stalker x4  
  132  8:44  Gateway  
  132  8:47  Gateway  
  132  8:55  Disruptor  
  135  8:57  Nexus  
  135  8:59  Pylon  
  135  9:01  Pylon  
  135  9:05  Probe x2 (Chrono Boost)  
  135  9:07  Probe (Chrono Boost)  
  136  9:10  Pylon  
  136  9:19  Adept x5  
  136  9:20  Adept  
  148  9:30  Disruptor  
  151  9:34  Pylon  
  151  9:36  Pylon  
  151  9:53  Protoss Ground Armor Level 2, Protoss Ground Weapons Level 2  
  151  9:58  Stalker x7  
  162  10:03  Probe (Chrono Boost)  
  162  10:04  Probe x2 (Chrono Boost)  
  160  10:15  Probe (Chrono Boost)  
  160  10:16  Probe (Chrono Boost)  
  160  10:26  Adept  
  160  10:27  Adept  
  136  10:28  Adept x2  
  136  10:29  Adept  
  136  10:30  Adept x2  
  136  10:34  Probe (Chrono Boost)  
  139  10:36  Probe (Chrono Boost)  
  129  10:49  Probe x2 (Chrono Boost)  
  118  10:50  Probe (Chrono Boost)  
  118  10:51  Probe (Chrono Boost)  
  118  10:55  Disruptor  
  121  10:59  Templar Archives  
  121  11:00  Adept x4  
  121  11:01  Probe (Chrono Boost)  
  132  11:10  Adept x2  
  134  11:12  Photon Cannon  
  127  11:23  Nexus  
  121  11:30  Disruptor  
  122  11:37  High Templar x3  
  122  11:38  High Templar x3  
  134  11:40  Stalker  
  134  11:44  Archon x3  
  134  11:45  Stalker  
  138  12:01  Disruptor  
  138  12:04  Adept  
  143  12:11  Adept x2  
  141  12:18  High Templar x2, Adept  
  141  12:19  Adept x4  
  155  12:23  Archon  
  155  12:32  Assimilator  
  155  12:36  Assimilator  
  151  12:49  Stalker x3  
  157  12:51  Adept x2  
  120  13:09  Adept x2  
  120  13:10  Adept  
  114  13:15  Stalker x3  
  114  13:18  Adept x2  
Show
View Real Time Build Order
Export as new Build Order

TYTY Terran - Winner!

Build Orders: Reaper Expand, MMM Bio 

Get SALT Encoding   

  12  0:00  SCV  
  13  0:12  SCV  
  14  0:17  Supply Depot  
  14  0:26  SCV  
  15  0:29  Refinery  
  15  0:38  SCV  
  16  0:44  Barracks  
  16  0:51  SCV  
  17  1:03  SCV  
  18  1:15  SCV  
  19  1:31  Orbital Command  
  19  1:32  Reaper  
  20  1:43  Command Center  
  20  1:56  Factory  
  20  1:58  SCV  
  21  2:05  Supply Depot  
  21  2:08  Barracks Reactor  
  21  2:11  SCV  
  22  2:20  Engineering Bay  
  22  2:24  SCV  
  23  2:36  SCV  
  24  2:43  Starport  
  23  2:49  SCV  
  28  2:51  Hellion x2  
  28  2:58  Refinery  
  28  2:59  Orbital Command  
  28  3:01  SCV  
  29  3:13  SCV  
  29  3:17  Marine x2  
  32  3:21  Widow Mine  
  32  3:25  SCV  
  35  3:29  SCV  
  37  3:35  Marine x2  
  37  3:37  SCV  
  37  3:41  SCV  
  41  3:48  Medivac  
  39  3:49  SCV  
  39  3:52  Factory Tech Lab  
  39  3:53  Marine x2, SCV  
  43  4:01  SCV  
  42  4:04  Supply Depot  
  42  4:05  SCV  
  43  4:10  Marine  
  43  4:11  Marine, Refinery  
  43  4:13  SCV  
  46  4:19  Factory Tech Lab  
  46  4:26  Supply Depot, SCV x2  
  46  4:28  Marine x2  
  50  4:35  Raven  
  50  4:38  SCV x2  
  54  4:39  Barracks  
  54  4:43  Supply Depot  
  54  4:47  Barracks  
  54  4:48  Marine x2  
  54  4:50  SCV x2  
  58  4:54  Siege Tank  
  61  5:02  SCV  
  61  5:05  SCV  
  63  5:07  Engineering Bay, Supply Depot  
  63  5:11  Marine x2  
  65  5:14  SCV  
  65  5:17  SCV  
  65  5:20  Liberator  
  67  5:24  Supply Depot  
  67  5:25  Supply Depot  
  67  5:26  Siege Tank  
  67  5:27  SCV  
  69  5:29  SCV  
  69  5:31  Marine x2  
  69  5:33  Stimpack  
  69  5:34  Marine  
  74  5:39  SCV  
  78  5:45  SCV  
  78  5:46  Refinery  
  78  5:48  Missile Turret  
  78  5:49  Marine x2  
  81  5:51  SCV  
  81  5:52  Barracks Tech Lab  
  81  5:54  Marine  
  82  5:58  SCV  
  82  5:59  Siege Tank, Missile Turret  
  82  6:03  SCV  
  82  6:04  Supply Depot  
  87  6:07  Marine x2  
  89  6:11  Terran Infantry Weapons Level 1  
  89  6:15  Marauder  
  89  6:16  Marauder  
  93  6:18  Supply Depot x2  
  93  6:24  Starport Reactor  
  93  6:25  Marine  
  94  6:26  Marine  
  94  6:29  Combat Shields  
  94  6:32  SCV x2  
  97  6:36  Marine  
  98  6:43  Factory Reactor, Command Center  
  98  6:48  Marine  
  98  6:49  Marine  
  100  6:55  Marauder x2  
  103  7:06  Medivac x2  
  103  7:07  Marine  
  103  7:08  Marine  
  109  7:16  Marauder x2  
  109  7:21  Widow Mine x2, Barracks, Supply Depot  
  116  7:23  Barracks  
  116  7:25  Marine x2, SCV x2  
  116  7:37  Marine x2  
  116  7:38  Medivac  
  116  7:42  SCV  
  116  7:43  Medivac  
  112  7:51  Marine x2  
  112  7:54  SCV  
  112  7:55  Marauder x2, SCV  
  124  8:00  Missile Turret  
  124  8:06  Terran Infantry Armor Level 1  
  124  8:09  Marine x2  
  124  8:11  Orbital Command, Medivac  
  128  8:12  SCV  
  128  8:13  SCV  
  115  8:23  Starport  
  115  8:25  SCV x2  
  117  8:31  Liberator x2, Refinery  
  117  8:32  Refinery  
  119  8:37  SCV x3  
  122  8:41  Marine x2  
  122  8:42  Marine  
  122  8:43  Marine x2  
  122  8:45  Supply Depot  
  122  8:46  Marauder x2  
  133  8:49  SCV x3  
  133  8:52  Armory  
  136  8:56  Engineering Bay  
  136  8:59  Marine x2  
  136  9:01  Marauder  
  140  9:03  Starport Reactor  
  140  9:05  Marine  
  140  9:07  Supply Depot  
  140  9:08  Concussive Shells  
  141  9:10  Marine  
  144  9:20  Marine x2  
  144  9:23  Marine  
  148  9:26  Marauder x2  
  148  9:29  Supply Depot, Marauder  
  148  9:31  Viking x2  
  155  9:51  Marauder x2, Marine x2  
  160  9:55  Viking x2  
  163  10:05  Marauder  
  165  10:09  Terran Infantry Armor Level 2, Terran Infantry Weapons Level 2  
  165  10:10  SCV  
  165  10:11  Supply Depot, SCV  
  165  10:13  Command Center  
  165  10:14  Marine  
  165  10:15  Marine  
  165  10:19  Marine  
  165  10:20  Marine x2  
  163  10:21  Marauder  
  163  10:26  Marine  
  148  10:32  Medivac x2, Marine x2  
  148  10:33  Medivac x2  
  159  10:37  Marine  
  159  10:38  Marine  
  159  10:39  Marauder  
  159  10:42  Marauder  
  159  10:44  Marine  
  132  10:50  Marine x2  
  132  10:55  Marine  
  132  10:56  Marine  
  136  10:57  Barracks  
  136  11:00  Marauder, Barracks  
  136  11:01  Marine  
  136  11:02  Medivac x2  
  143  11:05  Marine  
  143  11:07  Marine  
  141  11:13  Viking  
  141  11:14  SCV x2  
  129  11:20  Liberator  
  129  11:21  Liberator x2, Terran Ship Weapons Level 1  
  129  11:22  Marine x2  
  129  11:28  Marauder x2, Marine x2  
  135  11:37  Liberator  
  138  11:41  Marine x2  
  138  11:46  Barracks Tech Lab  
  140  11:49  Planetary Fortress  
  140  11:52  Marine x2  
  145  11:55  Marauder x2  
  149  12:08  Marauder x2, Marine x2  
  155  12:15  Missile Turret  
  155  12:16  Marauder, Barracks Reactor, Refinery  
  155  12:18  Marine x2  
  159  12:23  Viking x3  
  159  12:27  SCV  
  159  12:28  SCV  
  159  12:29  SCV, Missile Turret  
  166  12:33  Marine  
  166  12:34  Marauder  
  166  12:37  Viking  
  170  12:38  Supply Depot  
  170  12:40  SCV x2  
  170  12:42  SCV  
  172  12:54  Marauder x2, Marine x2  
  172  12:55  Viking  
  168  13:10  Marauder x2, Marine x3  
Tags
 
Add a new tag
Caveats
  • Supply blocks, unpowered buildings, or Contaminate may cause inaccurate times.
  • Supply counts are checked every 10 seconds.